TOP OF THE 1ST |
Evans HS Knights batting - Pitching for Santa Fe HS Chiefs : RHP Sam Bryant
|
Pitching: RHP Sam Bryant
|
|
Batting: RHB Bill Rice
|
0-0: Ground out 5-3 (Groundball, 56)
|
Batting: RHB Michael Stevenson
|
0-0: Called Strike 0-1: Ball 1-1: Ball 2-1: Foul Ball, location: 2F 2-2: Foul Ball, location: 2F 2-2: Strikes out swinging
|
Batting: LHB Bill McCraney
|
0-0: Called Strike 0-1: SINGLE (Groundball, 4M)
|
Batting: LHB Michael Wilson
|
0-0: Ball 1-0: Called Strike 1-1: Swinging Strike 1-2: Strikes out swinging
|
Top of the 1st over - 0 run(s), 1 hit(s), 0 error(s), 1 left on base; Evans HS 0 - Santa Fe HS 0 |
BOTTOM OF THE 1ST |
Santa Fe HS Chiefs batting - Pitching for Evans HS Knights : RHP Dale Stone
|
Pitching: RHP Dale Stone
|
|
Batting: LHB Derrek Robinson
|
0-0: Called Strike 0-1: Swinging Strike 0-2: Ball 1-2: Ball 2-2: Strikes out swinging
|
Batting: RHB Thomas Barnes
|
0-0: Swinging Strike 0-1: Foul Ball, location: 2F 0-2: Foul Ball, location: 2F 0-2: Foul Ball, location: 2F 0-2: Foul Ball, location: 2F 0-2: Strikes out swinging
|
Batting: SHB Oliver Riley
|
0-0: Ground out U3 (Groundball, 3S)
|
Bottom of the 1st over - 0 run(s), 0 hit(s), 0 error(s), 0 left on base; Evans HS 0 - Santa Fe HS 0 |
TOP OF THE 2ND |
Evans HS Knights batting - Pitching for Santa Fe HS Chiefs : RHP Sam Bryant
|
Batting: RHB Tom Stoltz
|
0-0: Called Strike 0-1: Ball 1-1: Called Strike 1-2: Ball 2-2: Foul Ball, location: 2F 2-2: Ball 3-2: Base on Balls
|
Batting: SHB Brandon Hathaway
|
0-0: Called Strike 0-1: Foul Ball, location: 2F 0-2: Fielders Choice at 2nd, 5-4 (Groundball, 56)
|
Batting: SHB Bryan Atkins
|
0-0: Foul Ball, location: 2F 0-1: Ball 1-1: Ball 2-1: Called Strike 2-2: Foul Ball, location: 2F 2-2: Strikes out looking
|
Batting: RHB John Eaves
|
0-0: Ground out 1-3 (Groundball, 15S)
|
Top of the 2nd over - 0 run(s), 0 hit(s), 0 error(s), 1 left on base; Evans HS 0 - Santa Fe HS 0 |
BOTTOM OF THE 2ND |
Santa Fe HS Chiefs batting - Pitching for Evans HS Knights : RHP Dale Stone
|
Batting: RHB Ben Ware
|
0-0: Foul Ball, location: 2F 0-1: Ball 1-1: Swinging Strike 1-2: Strikes out swinging
|
Batting: SHB Walton Locke
|
0-0: Foul Ball, location: 2F 0-1: Ball 1-1: SINGLE (Line Drive, 34)
|
Batting: RHB Ron Kramer
|
0-0: Called Strike Walton Locke is caught stealing 2nd base 0-1: Called Strike 0-2: Foul Ball, location: 2F 0-2: Ball 1-2: Foul Ball, location: 2F 1-2: Ball 2-2: Strikes out looking
|
Bottom of the 2nd over - 0 run(s), 1 hit(s), 0 error(s), 0 left on base; Evans HS 0 - Santa Fe HS 0 |
TOP OF THE 3RD |
Evans HS Knights batting - Pitching for Santa Fe HS Chiefs : RHP Sam Bryant
|
Batting: RHB David Banks
|
0-0: Called Strike 0-1: Ball 1-1: Ball 2-1: Ball 3-1: Base on Balls
|
Batting: RHB Bill Rice
|
0-0: Called Strike 0-1: SINGLE (Flyball, 9LS) David Banks to second
|
Batting: RHB Michael Stevenson
|
0-0: Ball 1-0: Ball 2-0: Ball 3-0: Called Strike 3-1: Called Strike 3-2: Base on Balls David Banks to third Bill Rice to second
|
Batting: LHB Bill McCraney
|
0-0: Fly out, F5 (Popup, 5DF)
|
Batting: LHB Michael Wilson
|
0-0: Called Strike 0-1: Ball 1-1: Ground out U3 (Groundball, 3S) David Banks scores Bill Rice to third Michael Stevenson to second
|
Batting: RHB Tom Stoltz
|
0-0: Swinging Strike 0-1: Foul Ball, location: 2F 0-2: Ground out 4-3 (Groundball, 4)
|
Top of the 3rd over - 1 run(s), 1 hit(s), 0 error(s), 2 left on base; Evans HS 1 - Santa Fe HS 0 |
BOTTOM OF THE 3RD |
Santa Fe HS Chiefs batting - Pitching for Evans HS Knights : RHP Dale Stone
|
Batting: SHB Ernest Hood
|
0-0: Called Strike 0-1: Ball 1-1: Bunt for hit - play at first, batter OUT! 1-3
|
Batting: RHB Brady Holland
|
0-0: SINGLE (Popup, 23)
|
Batting: RHB Kevin Cochrane
|
0-0: Ball 1-0: Swinging Strike 1-1: Fly out, F9 (Flyball, 89M)
|
Batting: LHB Derrek Robinson
|
0-0: Called Strike 0-1: Called Strike 0-2: Ball 1-2: Foul Ball, location: 2F 1-2: Ball 2-2: Foul Ball, location: 2F 2-2: SINGLE (Line Drive, 6D) Brady Holland to second
|
Batting: RHB Thomas Barnes
|
0-0: Swinging Strike 0-1: Foul Ball, location: 2F 0-2: Foul Ball, location: 2F 0-2: Foul Ball, location: 2F 0-2: Ball 1-2: SINGLE (Groundball, 6MD) Brady Holland to third Derrek Robinson to second Runner from 3rd tries for Home, SAFE, throw made home Derrek Robinson to third Thomas Barnes to second
|
Batting: SHB Oliver Riley
|
0-0: Ball 1-0: Swinging Strike 1-1: Called Strike 1-2: Ball 2-2: Foul Ball, location: 2F 2-2: SINGLE (Groundball, 4MD) Derrek Robinson scores Thomas Barnes to third Runner from 3rd tries for Home, SAFE, no throw or cutoff
|
Batting: RHB Ben Ware
|
0-0: Ball 1-0: Ball 2-0: Foul Ball, location: 2F 2-1: Ball 3-1: SINGLE (Line Drive, 9S) Oliver Riley to second
|
Batting: SHB Walton Locke
|
0-0: Ball 1-0: Ball 2-0: Ball 3-0: Called Strike 3-1: Fly out, F7 (Flyball, 7M)
|
Bottom of the 3rd over - 3 run(s), 5 hit(s), 0 error(s), 2 left on base; Evans HS 1 - Santa Fe HS 3 |
TOP OF THE 4TH |
Evans HS Knights batting - Pitching for Santa Fe HS Chiefs : RHP Sam Bryant
|
Batting: SHB Brandon Hathaway
|
0-0: Ball 1-0: Ball 2-0: SINGLE (Flyball, 7LM)
|
Batting: SHB Bryan Atkins
|
0-0: Ball 1-0: Ball 2-0: Called Strike 2-1: Foul Ball, location: 2F 2-2: Strikes out looking
|
Batting: RHB John Eaves
|
0-0: Called Strike 0-1: Swinging Strike 0-2: Ball 1-2: Foul Ball, location: 2F 1-2: Ball 2-2: Strikes out looking
|
Batting: RHB David Banks
|
0-0: Ball 1-0: Ball 2-0: Foul Ball, location: 2F 2-1: Ball 3-1: Called Strike 3-2: Foul Ball, location: 2F 3-2: SINGLE (Groundball, 5L) Brandon Hathaway to second Brandon Hathaway to third
|
Batting: RHB Bill Rice
|
0-0: Ball 1-0: Ball 2-0: Called Strike 2-1: Fly out, F9 (Flyball, 89M)
|
Top of the 4th over - 0 run(s), 2 hit(s), 0 error(s), 2 left on base; Evans HS 1 - Santa Fe HS 3 |
BOTTOM OF THE 4TH |
Santa Fe HS Chiefs batting - Pitching for Evans HS Knights : RHP Dale Stone
|
Batting: RHB Ron Kramer
|
0-0: Ball 1-0: Called Strike 1-1: Swinging Strike 1-2: Ball 2-2: Fly out, F2 (Popup, 2RF)
|
Batting: SHB Ernest Hood
|
0-0: Ball 1-0: Ball 2-0: DOUBLE (Line Drive, 5D)
|
Batting: RHB Brady Holland
|
0-0: Ball 1-0: Called Strike 1-1: Fly out, F3 (Popup, 4S)
|
Batting: RHB Kevin Cochrane
|
0-0: Swinging Strike 0-1: Foul Ball, location: 2F 0-2: Ball 1-2: Ball 2-2: Fly out, F3 (Popup, 3SF)
|
Bottom of the 4th over - 0 run(s), 1 hit(s), 0 error(s), 1 left on base; Evans HS 1 - Santa Fe HS 3 |
TOP OF THE 5TH |
Evans HS Knights batting - Pitching for Santa Fe HS Chiefs : RHP Sam Bryant
|
Batting: RHB Michael Stevenson
|
0-0: Ball 1-0: Ground out 5-3 (Groundball, 56)
|
Batting: LHB Bill McCraney
|
0-0: Ball 1-0: Ball 2-0: Ball 3-0: Base on Balls
|
Pitching: RHP Don Jones
|
|
Batting: LHB Michael Wilson
|
0-0: Ball 1-0: Called Strike 1-1: Called Strike 1-2: Fly out, F5 (Popup, 5F)
|
Batting: RHB Tom Stoltz
|
0-0: Ball 1-0: Ball 2-0: Foul Ball, location: 2F 2-1: Swinging Strike 2-2: Foul Ball, location: 2F 2-2: SINGLE (Line Drive, 34D) Bill McCraney to second
|
Batting: SHB Brandon Hathaway
|
0-0: Ball 1-0: Called Strike 1-1: Called Strike 1-2: Ball 2-2: Foul Ball, location: 2F 2-2: Ball 3-2: Foul Ball, location: 2F 3-2: Fly out, F8 (Flyball, 8LM)
|
Top of the 5th over - 0 run(s), 1 hit(s), 0 error(s), 2 left on base; Evans HS 1 - Santa Fe HS 3 |
BOTTOM OF THE 5TH |
Santa Fe HS Chiefs batting - Pitching for Evans HS Knights : RHP Dale Stone
|
Batting: LHB Derrek Robinson
|
0-0: Called Strike 0-1: Called Strike 0-2: Foul Ball, location: 2F 0-2: Foul Ball, location: 2F 0-2: Ball 1-2: Ball 2-2: Fly out, F3 (Popup, 23F)
|
Pitching: RHP Will Wallace
|
|
Batting: RHB Thomas Barnes
|
0-0: Called Strike 0-1: Swinging Strike 0-2: Ball 1-2: Foul Ball, location: 2F 1-2: Ball 2-2: Ball 3-2: Base on Balls
|
Batting: SHB Oliver Riley
|
0-0: Ball 1-0: DOUBLE (Flyball, 7LM) Thomas Barnes to third
|
Batting: RHB Ben Ware
|
0-0: Foul Ball, location: 2F 0-1: Foul Ball, location: 2F 0-2: Foul Ball, location: 2F 0-2: Ball 1-2: DOUBLE (Groundball, 5L) Thomas Barnes scores Oliver Riley scores
|
Batting: SHB Walton Locke
|
0-0: Called Strike 0-1: DOUBLE (Line Drive, 7LM) Ben Ware scores
|
Batting: RHB Ron Kramer
|
0-0: Ground out 6-3 (Groundball, 6M) Walton Locke to third
|
Batting: SHB Ernest Hood
|
0-0: Ball 1-0: Called Strike 1-1: Ball Wild Pitch! Walton Locke scores 2-1: Called Strike 2-2: Strikes out looking
|
Bottom of the 5th over - 4 run(s), 3 hit(s), 0 error(s), 0 left on base; Evans HS 1 - Santa Fe HS 7 |
TOP OF THE 6TH |
Evans HS Knights batting - Pitching for Santa Fe HS Chiefs : RHP Don Jones
|
Batting: SHB Bryan Atkins
|
0-0: Fly out, F8 (Line Drive, 78S)
|
Batting: RHB John Eaves
|
0-0: Ball 1-0: Called Strike 1-1: Foul Ball, location: 2F 1-2: Ball 2-2: Ball 3-2: Base on Balls
|
Batting: RHB David Banks
|
0-0: Called Strike 0-1: Fielders Choice at 2nd, 6-4 (Groundball, 6)
|
Batting: RHB Bill Rice
|
0-0: Called Strike 0-1: Ground out 6-3 (Groundball, 6)
|
Top of the 6th over - 0 run(s), 0 hit(s), 0 error(s), 1 left on base; Evans HS 1 - Santa Fe HS 7 |
BOTTOM OF THE 6TH |
Santa Fe HS Chiefs batting - Pitching for Evans HS Knights : RHP Will Wallace
|
Pitching: LHP Marc Fontenot
|
|
Batting: RHB Brady Holland
|
0-0: Ground out 6-3 (Groundball, 6M)
|
Batting: RHB Kevin Cochrane
|
0-0: Called Strike 0-1: Ball 1-1: Called Strike 1-2: Strikes out looking
|
Batting: LHB Derrek Robinson
|
0-0: Ball 1-0: SINGLE (Groundball, 56D)
|
Batting: RHB Thomas Barnes
|
0-0: Ball 1-0: Foul Ball, location: 2F 1-1: Ball 2-1: Ball 3-1: Fielders Choice at 2nd, U4 (Groundball, 4M)
|
Bottom of the 6th over - 0 run(s), 1 hit(s), 0 error(s), 1 left on base; Evans HS 1 - Santa Fe HS 7 |
TOP OF THE 7TH |
Evans HS Knights batting - Pitching for Santa Fe HS Chiefs : RHP Don Jones
|
Batting: RHB Michael Stevenson
|
0-0: Ball 1-0: Ball 2-0: Fly out, F7 (Line Drive, 78M)
|
Pitching: RHP Jack Muttart
|
|
Batting: LHB Bill McCraney
|
0-0: Swinging Strike 0-1: Ball 1-1: Called Strike 1-2: Foul Ball, location: 2F 1-2: Strikes out looking
|
Batting: LHB Michael Wilson
|
0-0: Ball 1-0: Called Strike 1-1: Ball 2-1: Ground out 4-3 (Groundball, 4)
|
Top of the 7th over - 0 run(s), 0 hit(s), 0 error(s), 0 left on base; Evans HS 1 - Santa Fe HS 7 |
BOTTOM OF THE 7TH |
Santa Fe HS Chiefs batting - Pitching for Evans HS Knights : LHP Marc Fontenot
|
Batting: SHB Oliver Riley
|
0-0: Ball 1-0: Called Strike 1-1: Ball 2-1: SINGLE (Groundball, 5L)
|
Batting: RHB Ben Ware
|
0-0: Ball 1-0: Foul Ball, location: 2F 1-1: Ball 2-1: Foul Ball, location: 2F 2-2: Ball 3-2: DOUBLE (Groundball, 5L) Oliver Riley to third
|
Batting: SHB Walton Locke
|
0-0: Called Strike 0-1: Ball 1-1: Ground out 4-3 (Groundball, 34D) Oliver Riley scores Ben Ware to third
|
Batting: RHB Ron Kramer
|
0-0: Ball 1-0: Ball 2-0: Ball 3-0: Called Strike 3-1: Base on Balls
|
Batting: SHB Ernest Hood
|
0-0: Ball 1-0: Ball 2-0: Ball 3-0: Base on Balls Ron Kramer to second
|
Pitching: RHP Armando Lazaro
|
|
Batting: RHB Brady Holland
|
0-0: Ball 1-0: Ball 2-0: Ball 3-0: Called Strike 3-1: Called Strike 3-2: Base on Balls Ben Ware scores Ron Kramer to third Ernest Hood to second
|
Batting: RHB Kevin Cochrane
|
0-0: Ball 1-0: Fielders Choice at 2nd, 3-6 (Groundball, 3) Ron Kramer scores Ernest Hood to third
|
Batting: LHB Derrek Robinson
|
0-0: Ball 1-0: Ball 2-0: Ball 3-0: Foul Ball, location: 2F 3-1: Base on Balls Kevin Cochrane to second
|
Batting: RHB Thomas Barnes
|
0-0: Ball 1-0: Ball 2-0: Foul Ball, location: 2F 2-1: Called Strike 2-2: Strikes out swinging
|
Bottom of the 7th over - 3 run(s), 2 hit(s), 0 error(s), 3 left on base; Evans HS 1 - Santa Fe HS 10 |
TOP OF THE 8TH |
Evans HS Knights batting - Pitching for Santa Fe HS Chiefs : RHP Jack Muttart
|
Now at SS: Carlos Gómez
|
|
Batting: RHB Tom Stoltz
|
0-0: Foul Ball, location: 2F 0-1: Called Strike 0-2: Ball 1-2: Ball 2-2: SINGLE (Line Drive, 4M)
|
Batting: SHB Brandon Hathaway
|
0-0: Ball 1-0: Ball 2-0: Called Strike 2-1: Foul Ball, location: 2F 2-2: Strikes out swinging
|
Batting: SHB Bryan Atkins
|
0-0: Swinging Strike 0-1: Swinging Strike 0-2: Ball 1-2: Fly out, F3 (Line Drive, 3L) 1-2: Lined into DP, U3 (Line Drive, 3L)
|
Top of the 8th over - 0 run(s), 1 hit(s), 0 error(s), 0 left on base; Evans HS 1 - Santa Fe HS 10 |
BOTTOM OF THE 8TH |
Santa Fe HS Chiefs batting - Pitching for Evans HS Knights : RHP Armando Lazaro
|
Batting: SHB Oliver Riley
|
0-0: Foul Ball, location: 2F 0-1: Ball 1-1: Foul Ball, location: 2F 1-2: Reached on error, E4 (Groundball, 4)
|
Batting: RHB Ben Ware
|
0-0: Swinging Strike 0-1: Ball 1-1: SINGLE (Line Drive, 89S) Oliver Riley to second
|
Batting: SHB Walton Locke
|
0-0: Reached on error, E4 (Groundball, 4) Oliver Riley to third Ben Ware to second
|
Batting: RHB Ron Kramer
|
0-0: Called Strike 0-1: Foul Ball, location: 2F 0-2: Fly out, F9 (Line Drive, 9M) Runner from 3rd tags up, SCORES, no throw
|
Batting: SHB Ernest Hood
|
0-0: Ball 1-0: Ball 2-0: Grounds into double play, 4-6-3 (Groundball, 4)
|
Bottom of the 8th over - 1 run(s), 1 hit(s), 2 error(s), 1 left on base; Evans HS 1 - Santa Fe HS 11 |
TOP OF THE 9TH |
Evans HS Knights batting - Pitching for Santa Fe HS Chiefs : RHP Jack Muttart
|
Batting: RHB John Eaves
|
0-0: Called Strike 0-1: Ball 1-1: Foul Ball, location: 2F 1-2: Ball 2-2: Ball 3-2: Base on Balls
|
Batting: RHB David Banks
|
0-0: Ball 1-0: Foul Ball, location: 2F 1-1: Ball 2-1: Ball 3-1: Base on Balls John Eaves to second
|
Pitching: RHP Rob Bolton
|
|
Batting: RHB Bill Rice
|
0-0: Ball 1-0: DOUBLE (Flyball, 78M) John Eaves scores David Banks to third
|
Batting: RHB Michael Stevenson
|
0-0: Foul Ball, location: 2F 0-1: Ball 1-1: Ball 2-1: Fly out, F7 (Popup, 6D)
|
Batting: LHB Bill McCraney
|
0-0: Called Strike 0-1: Ball 1-1: Foul Ball, location: 2F 1-2: Ball 2-2: Reached on Error, E9 (Line Drive, 9M) David Banks scores Bill Rice to third
|
Batting: LHB Michael Wilson
|
0-0: Ball 1-0: Called Strike 1-1: Ball 2-1: Fly out, F8 (Flyball, 8RM) Runner from 3rd tags up, SCORES, throw made
|
Batting: RHB Tom Stoltz
|
0-0: Ball 1-0: Foul Ball, location: 2F 1-1: Ball 2-1: Called Strike 2-2: Strikes out swinging
|
Top of the 9th over - 3 run(s), 1 hit(s), 1 error(s), 1 left on base; Evans HS 4 - Santa Fe HS 11 |
|